 Dungeon Crawl Stone Soup version 0.30-a0-924-g0ad0bf95bc (webtiles) character file.

Game seed: 2876770433567129201

17793 Ge0ff the Destroyer (level 12, -25/111 HPs)
             Began as an Ogre Conjurer on Mar 22, 2023.
             Was an Elder of Vehumet.
             Annihilated by a spriggan defender simulacrum (41 damage)
             ... in an ice cave.
             The game lasted 00:35:48 (14775 turns).

Ge0ff the Destroyer (Ogre Conjurer)                Turns: 14775, Time: 00:35:49

Health: -25/111    AC:  6    Str: 14    XL:     12   Next: 51%
Magic:  2/24       EV: 14    Int: 33    God:    Vehumet [****..]
Gold:   595        SH:  0    Dex:  7    Spells: 7/28 levels left

rFire   . . .      SeeInvis .    a - +8 war axe "Fatizxod" {speed, Int+4}
rCold   . . .      Faith    +    (no shield)
rNeg    . . .      Spirit   .    t - +1 troll leather armour
rPois   .          Reflect  .    (helmet restricted)
rElec   .          Rampage  .    (no cloak)
rCorr   .                        (gloves unavailable)
Will    +....                    (boots unavailable)
Stlth   +                        Z - amulet of faith
HPRegen 1.18/turn                M - +5 ring of evasion {=R}
MPRegen 0.19/turn                y - +6 ring of intelligence {=R}

@: no status effects
A: large, unfitting armour, tough skin 1
a: Renounce Religion


You were in an ice cave.
You worshipped Vehumet.
Vehumet was greatly pleased with you.
You visited 2 branches of the dungeon, and saw 13 of its levels.
You also visited: Ossuary and Ice Cave.

You collected 595 gold pieces.

Inventory:

Hand Weapons
 a - the +8 war axe "Fatizxod" (weapon) {speed, Int+4}
   (You found it on level 9 of the Dungeon)

   Int:       It affects your intelligence (+4).
 b - a +3 dagger of venom
 x - a +1 short sword of electrocution
 E - a +3 trident
 O - a +1 rapier of electrocution
 S - a +1 demon whip of venom
Missiles
 g - a throwing net {=F}
 v - 5 curare-tipped darts {=F}
 P - 117 stones
 Q - 45 poisoned darts
 U - 3 javelins
 X - 4 silver boomerangs
 Y - 9 boomerangs
Armour
 t - a +1 troll leather armour (worn)
 N - a +0 kite shield
 R - a +2 robe of fire resistance
Magical Staves
 w - a staff of earth
Jewellery
 y - a +6 ring of intelligence (right hand) {=R}
 D - a ring of fire
 M - a +5 ring of evasion (left hand) {=R}
 Z - an amulet of faith (around neck)
Wands
 e - a wand of charming (3)
 f - a wand of flame (11)
 j - a wand of acid (11)
Scrolls
 m - a scroll of magic mapping
 B - a scroll of blinking
 F - 3 scrolls of butterflies
 T - 12 scrolls of teleportation
 V - a scroll of vulnerability
Potions
 q - 5 potions of curing
 s - a potion of berserk rage {unknown}
 u - 2 potions of mutation {!q}
 z - a potion of brilliance
 G - a potion of resistance {unknown}
 H - 6 potions of haste {!q}
 I - 2 potions of invisibility
 J - a potion of flight {unknown}
 K - 3 potions of magic {!q}
 L - 2 potions of lignification
 W - 4 potions of heal wounds {!q}


   Skills:
 - Level 5.0 Fighting
 - Level 2.2 Throwing
 - Level 0.9 Armour
 - Level 2.0 Dodging
 - Level 2.0 Stealth
 + Level 8.9 Spellcasting
 - Level 12.0 Conjurations
 - Level 5.0 Hexes
 - Level 5.0 Translocations
 * Level 3.3 Transmutations
 * Level 3.2 Fire Magic
 - Level 5.0 Earth Magic
 * Level 3.2 Poison Magic
 - Level 4.5 Evocations


You had 7 spell levels left.
You knew the following spells:

 Your Spells              Type           Power      Damage    Failure   Level
d - Iskenderun's Mystic   Conj/Tloc      63%        2d13      1%          4
i - Ignite Poison         Fire/Tmut/Pois 36%        N/A       1%          3
j - Searing Ray           Conj           100%       2d8       1%          2
k - Magic Dart            Conj           100%       1d8       1%          1
m - Stone Arrow           Conj/Erth      100%       3d13      1%          3
r - Olgreb's Toxic Radia  Pois           36%        N/A       2%          4
C - Fulminant Prism       Conj/Hex       31%        3d16      1%          4

Your spell library contained the following spells:

 Spells                   Type           Power      Damage    Failure   Level
 Freeze                   Ice            56%        1d7       1%          1
 Slow                     Hex            100%       N/A       1%          1
 Confusing Touch          Hex            47%        N/A       1%          3
 Dazzling Flash           Conj/Hex       100%       N/A       1%          3
 Hailstorm                Conj/Ice       53%        3d12      1%          3
 Inner Flame              Hex/Fire       41%        N/A       1%          3
 Kindle Blastsparks       Fire/Tloc/Air  64%        2d15      1%          3
 Frozen Ramparts          Ice            28%        1d5       3%          3
 Cause Fear               Hex            23%        N/A       4%          4
 Yara's Violent Unravell  Hex/Tmut       21%        3d10      5%          5
 Freezing Cloud           Conj/Ice/Air   20%        6-21      6%          5
 Vampiric Draining        Necr           14%        2d7       12%         3
 Ice Form                 Ice/Tmut       25%        N/A       21%         4
 Summon Ice Beast         Ice/Summ       14%        N/A       36%         4
 Summon Forest            Summ/Tloc      15%        N/A       36%         5
 Eringya's Noxious Bog    Tmut/Pois      18%        N/A       36%         6
 Enfeeble                 Hex            23%        N/A       99%         7
 Summon Hydra             Summ           7%         N/A       100%        7
 Discord                  Hex            23%        N/A       100%        8


Dungeon Overview and Level Annotations

Branches:
Dungeon (14/15) Zot: 26702  Temple (1/1) D:6 Zot: 5896    Lair (0/5) D:11
    Orc (0/2) D:9         Ossuary (visited)           IceCv (1/1) Zot: 5429
 Vaults: D:13-14

Altars:
Ashenzari
Cheibriados
Dithmenos
Elyvilon
Fedhas
Gozag
Hepliaklqana
Kikubaaqudgha
Makhleb
Nemelex Xobeh
Okawaru
Qazlal
Ru
Sif Muna
Trog
Uskayaw
Vehumet
Wu Jian
Xom
Yredelemnul
Zin
The Shining One

Shops:
D:9 [

Portals:
Trove: D:11 (give +4 storm dragon scales)

Annotations:
D:3 2 transporters (14 dam ghost), senseless's ghost, novice GnHu


Innate Abilities, Weirdness & Mutations

You are too large for most types of armour.
You have tough skin. (AC +1)


Message History

Aiming: Magic Dart (safe; 1% risk of failure)
Press: ? - help, Shift-Dir - straight line, f/p - minotaur simulacrum
Aim: a minotaur simulacrum (lightly damaged, 100% to hit)
The magic dart hits the minotaur simulacrum.
The minotaur simulacrum is lightly damaged.
A minotaur simulacrum comes into view.
The stone arrow hits the minotaur simulacrum!!
The minotaur simulacrum is heavily damaged.
The stone arrow hits the minotaur simulacrum!
The minotaur simulacrum is almost destroyed.
The stone arrow hits the minotaur simulacrum!
The minotaur simulacrum vaporises!
Vehumet accepts your kill.
You feel your power returning.
You start resting.
A minotaur simulacrum is nearby!
The stone arrow hits the minotaur simulacrum!
The minotaur simulacrum is moderately damaged.
The stone arrow hits the minotaur simulacrum!!
The minotaur simulacrum is almost destroyed.
The stone arrow hits the minotaur simulacrum!
The minotaur simulacrum vaporises!
Vehumet accepts your kill.
You start resting.
A spriggan defender simulacrum comes into view.
The stone arrow hits the spriggan defender simulacrum!!
The spriggan defender simulacrum is heavily damaged.
The stone arrow hits the spriggan defender simulacrum!
The spriggan defender simulacrum is severely damaged.
Aiming: Throw Flame
Press: ? - help, Shift-Dir - straight line, f/p - spriggan defender simulacrum
Aim: a spriggan defender simulacrum (severely damaged, 51% to hit)
The puff of flame hits the spriggan defender simulacrum!
The spriggan defender simulacrum melts!
The spriggan defender simulacrum is almost destroyed.
The spriggan defender simulacrum hits you!
The spriggan defender simulacrum freezes you!!
Aiming: Throw Flame
Press: ? - help, Shift-Dir - straight line, f/p - spriggan defender simulacrum
Aim: a spriggan defender simulacrum (almost destroyed, 51% to hit)
The puff of flame hits the spriggan defender simulacrum.
The spriggan defender simulacrum melts!
The spriggan defender simulacrum is almost destroyed.
The spriggan defender simulacrum hits you!!
The spriggan defender simulacrum freezes you!!
* * * LOW HITPOINT WARNING * * *
The spriggan defender simulacrum hits you!
* * * LOW HITPOINT WARNING * * *
The spriggan defender simulacrum freezes you!!!
You die...

##.##.#
####.# .
#.## Z.
##.# #Z
##..# #.
#..## #..
#..##
#...###.#
#...@##
##.Z##
##.# ..#
..## #..
#.# ..


You could see a spriggan defender simulacrum.

Vanquished Creatures
  A fire dragon (D:10)
  2 centaur warriors (D:10)
  2 two-headed ogres
  A death knight (D:10)
  A boulder beetle (D:10)
  Amaemon (D:7)
  A wizard (D:10)
  An obsidian statue (IceCv)
  2 spriggan simulacra
  2 deep elf pyromancers (D:10)
  2 ugly things (D:11)
  Joseph (D:8)
  An orange demon (D:7)
  An unseen horror (D:11)
  2 efreet (D:10)
  An anaconda simulacrum (D:14)
  3 trolls
  Prince Ribbit (D:9)
  A hornet (D:7)
  A centaur simulacrum (D:14)
  A dire elephant simulacrum (IceCv)
  A vampire (D:11)
  A wraith (D:10)
  2 wyverns (D:8)
  A vampire mosquito (D:10)
  A steam dragon (D:8)
  An acid dragon (D:11)
  4 minotaur simulacra
  A harpy simulacrum (D:14)
  A water moccasin (D:9)
  3 orc warriors
  2 ice beasts
  2 black bears
  An alligator simulacrum (D:14)
  3 ogres
  A boggart (D:10)
  7 centaurs
  2 phantoms (D:5)
  4 kobold brigands
  5 deep troll simulacra
  4 bullfrogs
  4 scorpions
  10 wights
  A lindwurm simulacrum (D:14)
  6 killer bees (D:10)
  2 electric eels (D:7)
  5 hounds
  2 jellies
  3 orc priests
  2 gnoll boudas
  4 iguanas
  10 orc wizards
  Natasha (thrice) (D:4)
  3 mummies (Ossuary)
  10 gnolls
  3 adders
  2 shadow imps (D:7)
  A white imp (D:8)
  An ufetubus (D:5)
  3 adder zombies (Ossuary)
  A dart slug (D:5)
  28 orcs
  3 endoplasms (D:1)
  4 giant cockroaches
  7 goblins
  4 hobgoblins
  4 jackals (D:4)
  4 quokkas
  3 ball pythons
  6 bats
  A frilled lizard (D:1)
  4 goblin zombies
  24 kobolds
  A kobold zombie (Ossuary)
  4 quokka zombies
  3 rats
  8 rat zombies (Ossuary)
260 creatures vanquished.

Vanquished Creatures (collateral kills)
  A hound (D:6)
  A sleepcap (D:6)
  An iguana (D:6)
  2 orc wizards (D:6)
  2 gnolls (D:6)
  3 orcs (D:6)
10 creatures vanquished.

Vanquished Creatures (others)
  A harpy simulacrum (IceCv)
  A gnoll bouda (D:6)
  2 gnolls (D:6)
  37 fulminant prisms
  18 fungi (D:11)
  16 plants
75 creatures vanquished.

Grand Total: 345 creatures vanquished

Notes
Turn   | Place    | Note
-------+----------+-------------------------------------------
     0 | D:1      | Ge0ff the Ogre Conjurer began the quest for the Orb.
     0 | D:1      | Reached XP level 1. HP: 16/16 MP: 3/3
   391 | D:1      | Reached XP level 2. HP: 24/24 MP: 0/6
   762 | D:1      | Reached skill level 4 in Conjurations
   938 | D:1      | Learned a level 2 spell: Searing Ray
  1024 | D:2      | Reached XP level 3. HP: 31/31 MP: 3/7
  1847 | D:3      | Found a transporter.
  1849 | D:3      | Noticed senseless's ghost (novice GnHu)
  1850 | D:3      | Found a transporter.
  2246 | D:3      | Reached XP level 4. HP: 39/39 MP: 5/8
  2519 | D:4      | Reached skill level 1 in Fighting
  2652 | D:4      | Noticed Natasha
  2656 | D:4      | Killed Natasha
  2657 | D:4      | Reached skill level 5 in Conjurations
  2657 | D:4      | Reached XP level 5. HP: 44/48 MP: 4/10
  2842 | D:4      | Noticed Natasha
  2846 | D:4      | Killed Natasha
  3722 | D:4      | Noticed Natasha
  3725 | D:4      | Killed Natasha
  3745 | D:5      | Entered Level 5 of the Dungeon
  3819 | D:5      | Reached XP level 6. HP: 55/55 MP: 6/12
  3957 | D:5      | Reached skill level 6 in Conjurations
  4127 | D:5      | Noticed a black bear
  4134 | D:5      | Killed a black bear
  4135 | D:5      | Reached skill level 7 in Conjurations
  4135 | D:5      | Reached XP level 7. HP: 32/62 MP: 5/13
  4141 | D:5      | Learned a level 4 spell: Iskenderun's Mystic Blast
  4761 | D:5      | Reached skill level 1 in Translocations
  5217 | D:6      | Reached skill level 5 in Spellcasting
  5217 | D:6      | Reached XP level 8. HP: 56/72 MP: 4/15
  5359 | D:6      | Reached skill level 1 in Evocations
  5382 | D:6      | Found a sand-covered staircase.
  5389 | Ossuary  | Entered an ossuary
  5401 | Ossuary  | Reached skill level 8 in Conjurations
  6183 | D:6      | Found a staircase to the Ecumenical Temple.
  6193 | Temple   | Entered the Ecumenical Temple
  6278 | Temple   | Became a worshipper of Vehumet
  6989 | D:7      | Found a large runed translucent door.
  6990 | D:7      | Found a large runed translucent door.
  7054 | D:7      | Found an opulent altar of Gozag.
  7084 | D:7      | Found a basalt altar of Yredelemnul.
  7094 | D:7      | Reached XP level 9. HP: 24/79 MP: 0/16
  7745 | D:7      | Reached * piety under Vehumet
  7745 | D:7      | Offered knowledge of Shock by Vehumet.
  7830 | D:7      | Reached skill level 5 in Translocations
  8047 | D:7      | Found a white marble altar of Elyvilon.
  8050 | D:7      | Found a glowing golden altar of the Shining One.
  8068 | D:7      | Found a shimmering blue altar of Sif Muna.
  8293 | D:7      | Reached skill level 9 in Conjurations
  8294 | D:7      | Noticed a hornet
  8302 | D:7      | Killed a hornet
  8687 | D:8      | Noticed an orange demon
  8696 | D:8      | Noticed Amaemon
  8938 | D:7      | Killed Amaemon
  8939 | D:7      | Reached XP level 10. HP: 68/91 MP: 6/19
  9036 | D:7      | Killed an orange demon
  9122 | D:8      | Reached skill level 10 in Conjurations
  9122 | D:8      | Offered knowledge of Foxfire by Vehumet.
  9270 | D:8      | Reached ** piety under Vehumet
  9472 | D:8      | Reached skill level 1 in Throwing
  9561 | D:8      | Noticed Joseph
  9618 | D:8      | Learned a level 4 spell: Fulminant Prism
  9660 | D:8      | Reached skill level 1 in Hexes
  9715 | D:8      | Found a broken altar of Ashenzari.
 10009 | D:8      | Killed Joseph
 10373 | D:9      | Offered knowledge of Stone Arrow by Vehumet.
 10391 | D:9      | Learned a level 3 spell: Stone Arrow
 10503 | D:9      | Identified the +0 helmet "Adaemow" {rC+ Int+3 Dex+4}
 10534 | D:9      | Identified the +8 war axe "Fatizxod" {speed, Int+4}
 10763 | D:9      | Found an iron altar of Okawaru.
 10854 | D:9      | Reached skill level 1 in Earth Magic
 10872 | D:9      | Found Ruosall's Armour Boutique.
 10918 | D:9      | Found a staircase to the Orcish Mines.
 11009 | D:9      | Noticed Prince Ribbit
 11014 | D:9      | Killed Prince Ribbit
 11240 | D:10     | Entered Level 10 of the Dungeon
 11314 | D:10     | Noticed a centaur warrior
 11321 | D:10     | Killed a centaur warrior
 11486 | D:10     | Reached *** piety under Vehumet
 11499 | D:10     | Reached XP level 11. HP: 100/100 MP: 16/23
 11565 | D:10     | Noticed a wizard
 11567 | D:10     | Noticed a boulder beetle
 11582 | D:10     | Killed a wizard
 11583 | D:10     | Reached skill level 5 in Hexes
 11662 | D:10     | Noticed a fire dragon
 11773 | D:10     | Noticed a centaur warrior
 11829 | D:10     | Killed a centaur warrior
 11875 | D:10     | Noticed a two-headed ogre
 11880 | D:10     | Killed a two-headed ogre
 11881 | D:10     | Reached skill level 5 in Earth Magic
 11978 | D:10     | Noticed a deep elf pyromancer
 11984 | D:10     | Killed a deep elf pyromancer
 11984 | D:10     | Offered knowledge of Sticky Flame by Vehumet.
 12030 | D:10     | Noticed a deep elf pyromancer
 12033 | D:10     | Killed a deep elf pyromancer
 12034 | D:10     | Reached skill level 11 in Conjurations
 12055 | D:10     | Killed a boulder beetle
 12244 | D:10     | Noticed a death knight
 12267 | D:10     | Killed a death knight
 12418 | D:10     | Killed a fire dragon
 12419 | D:10     | Reached skill level 12 in Conjurations
 12560 | D:10     | Found an ancient bone altar of Kikubaaqudgha.
 13060 | D:11     | Noticed a two-headed ogre
 13064 | D:11     | Reached **** piety under Vehumet
 13072 | D:11     | Killed a two-headed ogre
 13073 | D:11     | Reached skill level 5 in Fighting
 13073 | D:11     | Reached XP level 12. HP: 66/111 MP: 1/24
 13082 | D:11     | Found a portal to a secret trove of treasure.
 13231 | D:11     | Offered knowledge of Olgreb's Toxic Radiance by Vehumet.
 13240 | D:11     | Learned a level 4 spell: Olgreb's Toxic Radiance
 13244 | D:11     | Learned a level 3 spell: Ignite Poison
 13469 | D:11     | Reached skill level 1 in Transmutations
 13469 | D:11     | Reached skill level 1 in Fire Magic
 13469 | D:11     | Reached skill level 1 in Poison Magic
 13622 | D:11     | Found a staircase to the Lair.
 13907 | D:11     | You fall into a shaft and drop 3 floors!
 13961 | D:14     | Found a frozen archway.
 14205 | IceCv    | Entered an ice cave
 14775 | IceCv    | Annihilated by a spriggan defender simulacrum

Illustrated notes

Levels and vault maps discovered:
D:1:      lightli_arrival_farm, layout_basic, roderic_three_in_a_row
D:2:      layout_rooms, serial_bayou_pond_c, kennysheep_nub,
          minmay_misc_feat_tower
D:3:      layout_loops_ring, gammafunk_ghost_mausoleum,
          chequers_serial_rivers_micro_a, grunt_decor_mini_mirrors
D:4:      layout_loops_corners, hangedman_decor_points,
          amcnicky_mini_pool_small, dk_noncrumbling_3, uniq_natasha
D:5:      layout_basic
D:6:      layout_cave_pools, minmay_temple_entry_sparse_star, enter_ossuary_4
D:7:      layout_basic, nicolae_sif_muna_condensation, jmf_multi_god_temple2,
          nicolae_overflow_squiral
D:8:      layout_rooms, nicolae_ashenzari_skybound, uniq_joseph, uniq_amaemon
D:9:      layout_long_grid, lemuel_round_altar, orc_david_3, uniq_prince_ribbit1
D:10:     layout_loops_cross, nicolae_kikubaaqudgha_miasma_corner, minivault_28
D:11:     layout_long_grid, grunt_lair_entry_orc_guard_hut,
          nicolae_trove_entry_diagonal, lightli_fourway_metalbox
D:14:     layout_basic, skrybe_vaults_entry_preservation,
          portal_ice_cave_entry_ice_simulacra, elyvilon_altar_3,
          chequers_mini_garden
Temple:   zaba_magenta_temple
IceCv:    ice_cave_caverns_03

Skill      XL: |  1  2  3  4  5  6  7  8  9 10 11 12 |
---------------+-------------------------------------+-----
Spellcasting   | 3 4 5 6 8 |  8.9
Conjurations   | 4 5 7 8 9 10 12 | 12.0
Fighting       | 1 2 3 4 5 |  5.0
Translocations | 2 4 5 |  5.0
Evocations     | 2 4 |  4.5
Stealth        | 2 |  2.0
Dodging        | 2 |  2.0
Throwing       | 1 2 |  2.2
Hexes          | 4 5 |  5.0
Earth Magic    | 2 5 |  5.0
Transmutations | 3 |  3.3
Fire Magic     | 3 |  3.2
Poison Magic   | 3 |  3.2
Armour         | |  0.9

Action                     |  1- 3 |  4- 6 |  7- 9 | 10-12 || total
---------------------------+-------+-------+-------+-------++-------
  Melee: Staff             |       |       |    12 |       ||    12
         War axe           |       |       |       |     9 ||     9
  Throw: Dart              |       |       |       |     4 ||     4
   Cast: Magic Dart        |    69 |    27 |   108 |    49 ||   253
         Searing Ray       |     4 |    15 |    60 |    14 ||    93
         Iskenderun's Myst |       |       |     7 |    40 ||    47
         Fulminant Prism   |       |       |       |    37 ||    37
         Stone Arrow       |       |       |       |   107 ||   107
  Evoke: Wand              |       |       |    12 |    13 ||    25
    Use: Scroll            |     4 |     2 |     8 |    10 ||    24
         Potion            |       |       |     6 |     4 ||    10
 Armour: Robe              |     2 |     5 |    14 |     6 ||    27
         Troll leather arm |       |       |       |     3 ||     3
  Dodge: Dodged            |     6 |    10 |    56 |    50 ||   122

Table legend: (Time is in decaauts)
 A = Elapsed time spent in this place.
 B = Non-inter-level travel time spent in this place.
 C = Inter-level travel time spent in this place.
 D = Time resting spent in this place.
 E = Time spent auto-exploring this place.
 F = Levels seen in this place.
 G = Mean time per level.
                   A        B        C        D        E       F      G
               +--------+--------+--------+--------+--------+-----+--------+
         Total |  14790 |  14397 |    393 |   1889 |  10342 |  15 |  986.0 |
       Dungeon |  13503 |  13123 |    380 |   1402 |   9789 |  12 | 1125.2 |
        Temple |    103 |     90 |     13 |      0 |     50 |   1 |  103.0 |
       Ossuary |    613 |    613 |      0 |    166 |    349 |   1 |  613.0 |
      Ice Cave |    569 |    569 |      0 |    321 |    154 |   1 |  569.0 |
               +--------+--------+--------+--------+--------+-----+--------+

Top non-repeatable levels by time:
     D:7: 2507 daAuts
    D:10: 1659 daAuts
     D:5: 1509 daAuts
     D:4: 1229 daAuts
     D:9: 1124 daAuts
     D:8: 969 daAuts
     D:1: 929 daAuts
    D:11: 880 daAuts
     D:3: 870 daAuts
     D:6: 811 daAuts
     D:2: 714 daAuts
 Ossuary: 613 daAuts
   IceCv: 569 daAuts
    D:14: 297 daAuts
  Temple: 103 daAuts
